Map: Orbital Shipyard

Players

Nami - Winner!

  • Race: Terran Terran

wabbajack

  • Race: Terran Terran
  • League: Grandmaster

VOD

Have the link to the VOD?

Description

Time

  • Played on: July 14, 2015, 10:37 a.m.
  • Length: 6:37
Show
View Real Time Build Order
Export as new Build Order

Nami Terran - Winner!

Build Orders: Command Center First (CC) 

Get SALT Encoding   

  12  0:02  SCV  
  14  0:14  SCV  
  14  0:20  Supply Depot  
  14  0:26  SCV  
  15  0:55  Command Center  
  15  1:04  SCV  
  16  1:06  Refinery  
  16  1:16  SCV  
  17  1:21  Barracks  
  17  1:28  SCV  
  18  1:44  SCV  
  19  1:56  SCV  
  20  2:03  Barracks  
  20  2:06  Barracks  
  21  2:08  Reaper  
  21  2:11  Refinery  
  21  2:19  Orbital Command  
  21  2:28  Orbital Command  
  21  2:41  Barracks Tech Lab  
  21  2:53  Barracks Reactor  
  21  2:54  Barracks Reactor  
  21  2:56  SCV x2  
  23  3:02  Supply Depot  
  23  3:08  SCV  
  23  3:09  SCV, Stimpack  
  25  3:31  Marauder  
  25  3:33  Marine x3  
  30  3:34  Marine  
  30  3:36  SCV x2  
  33  3:48  SCV  
  33  3:49  SCV  
  33  3:53  Factory  
  33  3:55  Engineering Bay  
  35  3:58  Engineering Bay  
  35  4:01  SCV x2  
  37  4:13  SCV x2  
  39  4:20  Supply Depot  
  39  4:22  Terran Infantry Weapons Level 1  
  39  4:23  Terran Infantry Armor Level 1, Refinery  
  39  4:26  Marauder, Marine x4  
  44  4:39  Factory Reactor  
  44  4:40  Starport  
  38  4:55  Marauder, Marine x4  
  38  5:12  Marine  
  38  5:13  Marine  
  40  5:16  Marauder  
  39  5:29  Marine x2  
  39  5:30  Marine x2  
  43  5:37  Missile Turret  
  43  5:38  Marauder  
  45  5:43  SCV x2  
  47  5:53  Medivac  
  47  5:54  Medivac  
  47  5:55  SCV x2  
  53  6:07  Command Center, SCV  
  53  6:10  Missile Turret  
  54  6:12  Supply Depot  
  54  6:17  Supply Depot  
  54  6:25  Armory  
Show
View Real Time Build Order
Export as new Build Order

wabbajack Terran 

Build Orders:  

Get SALT Encoding   

  12  0:01  SCV  
  13  0:13  SCV  
  14  0:25  SCV  
  15  0:29  Refinery  
  15  0:30  Supply Depot  
  15  0:51  SCV  
  15  0:53  Barracks  
  16  1:03  SCV  
  17  1:11  Supply Depot  
  17  1:15  SCV  
  18  1:27  SCV  
  19  1:42  Factory  
  19  1:45  Orbital Command  
  19  1:47  Marine  
  19  1:53  Refinery  
  20  2:10  SCV  
  21  2:19  Bunker  
  21  2:23  SCV  
  21  2:28  Armory  
  22  2:35  SCV  
  23  2:47  SCV  
  23  2:48  Starport  
  23  2:50  Barracks Reactor  
  24  2:58  Supply Depot  
  24  2:59  SCV  
  24  3:03  Supply Depot  
  25  3:05  Factory Tech Lab  
  25  3:23  Bunker  
  25  3:28  Marine x2  
  27  3:38  Thor  
  33  3:45  SCV  
  33  3:46  Marine  
  35  3:48  Marine  
  36  4:03  Medivac  
  36  4:07  Marine x2  
  40  4:10  SCV  
  41  4:22  Supply Depot x2  
  41  4:29  Thor  
  47  5:00  Medivac  
  43  5:35  Marine x2  
  45  5:52  Marine  
  45  5:53  Marine  
  47  6:07  Command Center, Barracks  
  47  6:08  Barracks  
  47  6:10  Marine  
  47  6:11  Marine  
  49  6:20  Supply Depot  
Tags
 
Add a new tag
Caveats
  • Supply blocks, unpowered buildings, or Contaminate may cause inaccurate times.
  • Supply counts are checked every 10 seconds.